 Dungeon Crawl Stone Soup version 0.30.0-29-ga12c61a403 (webtiles) character file.

Game seed: 4958398630899255523

16329 safid the Frost Mage (level 12, 0/103 HPs)
             Began as a Merfolk Ice Elementalist on June 6, 2023.
             Was an Elder of Vehumet.
             Slain by a polar bear (21 damage)
             ... on level 2 of the Lair of Beasts.
             The game lasted 00:30:04 (14046 turns).

safid the Frost Mage (Merfolk Ice Elementalist)    Turns: 14046, Time: 00:30:05

Health: 0/103      AC: 18    Str: 10    XL:     12   Next: 36%
Magic:  18/26      EV: 12    Int: 18    God:    Vehumet [****..]
Gold:   1466       SH:  0    Dex: 14    Spells: 22/32 levels left

rFire   + . .        x - +6 hammer of Devouring Sudden Death {flame, rElec}
rCold   . . .        (no shield)
rNeg    . . .        a - +0 robe
rPois   .            n - +2 helmet
rElec   +            (no cloak)
rCorr   .            L - +0 pair of gloves
SInv    +            G - +2 pair of boots {Stlth+}
Will    .....        (no amulet)
Stlth   +++          M - ring of the Lotus Blossom {Wiz rElec SInv}
HPRegen 0.37/turn    r - ring of protection from fire
MPRegen 0.20/turn

%: wizardry (x1)
@: ice-armoured, freezing walls
A: (nimble swimmer 2), mertail
a: Renounce Religion


You were on level 2 of the Lair of Beasts.
You worshipped Vehumet.
Vehumet was greatly pleased with you.
You visited 3 branches of the dungeon, and saw 14 of its levels.
You also visited: Ossuary and Bailey.

You collected 1496 gold pieces.
You spent 30 gold pieces at shops.

Inventory:

Hand Weapons
 x - the +6 hammer of Devouring Sudden Death (weapon) {flame, rElec}
   (You found it on level 4 of the Dungeon)

   rElec:     It insulates you from electricity.
Missiles
 v - a curare-tipped dart
 y - 3 throwing nets
Armour
 a - a +0 robe (worn)
 n - a +2 helmet (worn)
 G - a +2 pair of boots of stealth (worn)
 L - a +0 pair of gloves (worn)
Jewellery
 r - a ring of protection from fire (right hand)
 s - a ring of ice
 M - the ring of the Lotus Blossom (left hand) {Wiz rElec SInv}
   (You found it on level 10 of the Dungeon)

   [ring of wizardry]

   It improves your spell success rate.
   rElec:     It insulates you from electricity.
   SInv:      It lets you see invisible.
Wands
 e - a wand of mindburst (11)
 o - a wand of flame (16)
 q - a wand of iceblast (13)
 A - a wand of paralysis (4)
 E - a wand of acid (6)
Scrolls
 d - 9 scrolls of teleportation
 k - 6 scrolls of blinking
 m - 2 scrolls of fog
 t - 3 scrolls of amnesia
 u - 2 scrolls of fear {unknown}
 w - 4 scrolls of magic mapping {unknown}
 B - a scroll of brand weapon {unknown}
 C - 2 scrolls of enchant weapon
 D - a scroll of butterflies {unknown}
 H - a scroll of torment {unknown}
 K - 2 scrolls of enchant armour {unknown}
Potions
 b - 3 potions of magic
 c - 3 potions of mutation {unknown}
 f - 2 potions of berserk rage
 g - 4 potions of heal wounds {unknown}
 h - a potion of degeneration {unknown}
 i - a potion of cancellation {unknown}
 j - 3 potions of flight
 l - a potion of ambrosia {unknown}
 p - 3 potions of attraction
 z - 3 potions of lignification {unknown}
 F - a potion of experience {unknown}
 I - a potion of brilliance {unknown}
 N - a potion of invisibility {unknown}


   Skills:
 + Level 12.5 Fighting
 - Level 2.6 Dodging
 - Level 2.1 Stealth
 + Level 10.9 Spellcasting
 + Level 13.2 Ice Magic


You had 22 spell levels left.
You knew the following spells:

 Your Spells              Type           Power      Damage    Failure   Level
a - Freeze                Ice            100%       1d10      1%          1
b - Frozen Ramparts       Ice            100%       1d16      1%          3
c - Ozocubu's Armour      Ice            55%        N/A       1%          3
d - Hailstorm             Conj/Ice       33%        3d8       1%          3

Your spell library contained the following spells:

 Spells                   Type           Power      Damage    Failure   Level
 Fireball                 Conj/Fire      4%         3d4       21%         5
 Magic Dart               Conj           36%        1d4       1%          1
 Ensorcelled Hibernation  Hex/Ice        66%        N/A       1%          2
 Searing Ray              Conj           18%        2d5       1%          2
 Summon Ice Beast         Ice/Summ       33%        N/A       1%          4
 Passwall                 Tmut/Erth      7%         N/A       4%          2
 Call Canine Familiar     Summ           9%         N/A       9%          3
 Portal Projectile        Hex/Tloc       18%        N/A       9%          3
 Swiftness                Air            9%         N/A       9%          3
 Tukima's Dance           Hex            9%         N/A       9%          3
 Vhi's Electric Charge    Tloc/Air       18%        N/A       9%          3
 Fulminant Prism          Conj/Hex       4%         3d5       9%          4
 Arcjolt                  Conj/Air       4%         1d14      21%         5
 Iskenderun's Battlesphe  Conj           9%         2d6       21%         5
 Lee's Rapid Deconstruct  Erth           4%         3d5*      21%         5
 Anguish                  Hex/Necr       4%         N/A       28%         4
 Cause Fear               Hex            4%         N/A       28%         4
 Leda's Liquefaction      Hex/Erth       4%         N/A       28%         4
 Manifold Assault         Tloc           9%         N/A       28%         4
 Blade Hands              Tmut           4%         N/A       58%         5
 Iron Shot                Conj/Erth      4%         9d2       67%         6
 Dispersal                Tloc           4%         N/A       98%         6
 Statue Form              Tmut/Erth      6%         N/A       98%         6
 Spellforged Servitor     Conj/Summ      4%         N/A       98%         7
 Enfeeble                 Hex            4%         N/A       100%        7
 Disjunction              Tloc           4%         N/A       100%        8
 Maxwell's Capacitive Co  Air            4%         ∞         100%        8


Dungeon Overview and Level Annotations

Branches:
Dungeon (11/15)            Temple (1/1) D:4            Lair (2/5) D:10
    Orc (0/2) D:9         Ossuary (visited)          Bailey (visited)
  Swamp: Lair:2-3    Shoals: Lair:2-3     Snake: Lair:2-3    Spider: Lair:2-3

Altars:
Ashenzari
Cheibriados
Elyvilon
Fedhas
Hepliaklqana
Kikubaaqudgha
Nemelex Xobeh
Okawaru
Qazlal
Ru
Sif Muna
Trog
Vehumet
Wu Jian
The Shining One

Shops:
D:4 *   D:5 *

Annotations:
D:3 exclusion: oklob plant
D:4 4 runed translucent doors, Crazy Yiuf; JMMCWHIRT's ghost, amateur DECj; Taurus's ghost, amateur MiFi; jurchenman's ghost, amateur DECj; phonic's ghost, amateur HOFi
Lair:2 Gastronok


Innate Abilities, Weirdness & Mutations

((You are very nimble when in or above water. (Stealth+, EV+, Speed+++)))
Your lower body shifts to a powerful aquatic tail in water.


Message History

The polar bear closely misses you. The polar bear misses you.
The wall freezes the elephant but does no damage.
The elephant completely misses you.
The elephant trunk-slaps you but does no damage.
The wall freezes the elephant.
The elephant tramples you but does no damage.
The elephant barely misses you.
You hit the elephant. You burn the elephant.
The elephant is severely wounded.
The polar bear resists.
The wall freezes the polar bear.
The polar bear misses you.
The polar bear claws you but does no damage.
The polar bear closely misses you.
The polar bear resists.
The wall freezes the polar bear.
The polar bear bites you. The polar bear closely misses you.
The polar bear claws you but does no damage.
The wall freezes the elephant but does no damage.
The elephant tramples you but does no damage.
The elephant trunk-slaps you but does no damage.
The wall freezes the elephant but does no damage.
The elephant tramples you but does no damage.
The elephant closely misses you.
The wall freezes the polar bear but does no damage.
The polar bear bites you!
* * * LOW HITPOINT WARNING * * *
The polar bear closely misses you.
The polar bear claws you but does no damage.
Unknown command.
You hit the polar bear. You burn the polar bear.
The polar bear is almost dead.
The polar bear resists.
The wall freezes the polar bear.
The polar bear bites you.
* * * LOW HITPOINT WARNING * * *
The polar bear claws you but does no damage. x2
The wall freezes the elephant!
The elephant barely misses you.
The elephant trunk-slaps you but does no damage.
The wall freezes the elephant.
The elephant closely misses you. The elephant completely misses you.
The polar bear resists.
The wall freezes the polar bear.
The polar bear bites you!!
You die...

..# ##.....#..##..........
.. #P......#.............
.# ###.....###...........#.
.###.'..?...###............
.'...#.....## #..........#
.#####......# ##.........#
#.# #.....## #.........#
.## ......# #YY.......# .#
##.+#### #@h#.P.#### ## ##.
###....# # . ##..## # ##.##
# #.†# # #.......# ##
#...........# ##.#P#..#
#........#.... ..†......
..#........ .[#


You could see 2 elephants and a polar bear (berserk).

Vanquished Creatures
  Erica (D:8)
  3 two-headed ogres
  An orc high priest (Bailey)
  Pikel (D:8)
  A swamp dragon (Lair:1)
  An orc knight (Bailey)
  2 elephants (Lair:2)
  A black mamba (Lair:2)
  Joseph (D:9)
  A cane toad (Lair:2)
  5 komodo dragons
  A kobold demonologist (Bailey)
  3 trolls
  A hornet (D:9)
  A shadow (D:9)
  3 wraiths
  12 yaks
  Sigmund (D:5)
  A wyvern (Lair:2)
  Eustachio (D:5)
  A steam dragon (D:10)
  Edmund (D:6)
  Menkaure (Ossuary)
  2 acid dragons
  Duvessa (D:5)
  3 water moccasins
  2 ice beasts
  7 orc warriors (Bailey)
  3 black bears
  2 sky beasts (D:8)
  An ogre (D:6)
  4 centaurs
  A phantom (D:5)
  A lemure (D:8)
  A kobold brigand (D:4)
  5 bullfrogs
  5 scorpions
  3 gnoll sergeants
  Dowan (D:5)
  6 killer bees (D:10)
  5 electric eels (Bailey)
  2 centaur zombies (Ossuary)
  4 jellies
  An orc priest (D:10)
  4 hounds
  2 gnoll boudas
  Natasha (twice) (D:2)
  3 iguanas
  3 orc wizards
  3 ogre zombies (Ossuary)
  7 mummies
  Robin (D:2)
  28 gnolls
  12 adders
  2 white imps (D:6)
  An ufetubus (D:5)
  5 adder zombies (Ossuary)
  2 worms
  2 dart slugs
  18 orcs
  6 endoplasms
  4 giant cockroaches
  A gnoll zombie (Ossuary)
  20 goblins
  15 hobgoblins
  6 jackals
  4 quokkas
  3 ball pythons
  A bat (D:2)
  4 frilled lizards
  4 goblin zombies
  5 hobgoblin zombies (Ossuary)
  27 kobolds
  5 kobold zombies (Ossuary)
  An orc zombie (D:6)
  4 quokka zombies (Ossuary)
  3 rats
  2 rat zombies (Ossuary)
315 creatures vanquished.

Vanquished Creatures (others)
  A gnoll (D:10)
1 creature vanquished.

Grand Total: 316 creatures vanquished

Notes
Turn   | Place    | Note
-------+----------+-------------------------------------------
     0 | D:1      | safid the Merfolk Ice Elementalist began the quest for the
                  | Orb.
     0 | D:1      | Reached XP level 1. HP: 13/13 MP: 3/3
   184 | D:1      | Reached XP level 2. HP: 20/20 MP: 5/5
   185 | D:1      | Reached skill level 1 in Fighting
   489 | D:2      | Noticed Robin
   694 | D:2      | Reached XP level 3. HP: 24/26 MP: 6/6
   698 | D:2      | Learned a level 3 spell: Frozen Ramparts
   955 | D:2      | Noticed Natasha
   965 | D:2      | Killed Natasha
   966 | D:2      | Reached skill level 5 in Ice Magic
   966 | D:2      | Reached XP level 4. HP: 33/33 MP: 6/8
   971 | D:2      | Learned a level 3 spell: Ozocubu's Armour
  1050 | D:2      | Killed Robin
  1191 | D:2      | You fall into a shaft and drop 2 floors!
  1223 | D:3      | Found a white marble altar of Elyvilon.
  1229 | D:3      | Reached XP level 5. HP: 38/39 MP: 9/9
  1763 | D:2      | Noticed Natasha
  1768 | D:2      | Killed Natasha
  1994 | D:3      | Found a faded altar of an unknown god.
  2091 | D:3      | Found a blossoming altar of Fedhas.
  2111 | D:3      | Noticed an oklob plant
  2767 | D:4      | Reached XP level 6. HP: 47/47 MP: 4/11
  2912 | D:4      | Found a staircase to the Ecumenical Temple.
  2927 | D:4      | Identified the +1 falchion of Famine {heavy, *Noise rN+
                  | Will+ Stlth+}
  2932 | Temple   | Entered the Ecumenical Temple
  2937 | Temple   | Became a worshipper of Vehumet
  2989 | D:4      | Reached skill level 6 in Ice Magic
  3248 | D:4      | Found Ea-nāṣir's Fine Metal Goods.
  3350 | D:4      | Found a runed translucent gate.
  3350 | D:4      | Found a runed translucent gate.
  3351 | D:4      | Found a runed translucent gate.
  3352 | D:4      | Noticed Taurus's ghost (amateur MiFi)
  3352 | D:4      | Noticed phonic's ghost (amateur HOFi)
  3353 | D:4      | Noticed JMMCWHIRT's ghost (amateur DECj)
  3353 | D:4      | Noticed jurchenman's ghost (amateur DECj)
  3420 | D:4      | Reached XP level 7. HP: 54/54 MP: 9/13
  3512 | D:4      | Identified the +6 hammer of Devouring Sudden Death {flame,
                  | rElec}
  3519 | D:4      | Found a runed translucent door.
  3520 | D:4      | Noticed Crazy Yiuf
  3596 | D:4      | Found an iron altar of Okawaru.
  3601 | D:4      | Reached * piety under Vehumet
  3601 | D:4      | Offered knowledge of Shock by Vehumet.
  3773 | D:4      | Found a sparkling altar of Nemelex Xobeh.
  3989 | D:5      | Entered Level 5 of the Dungeon
  3989 | D:5      | Noticed Eustachio
  4052 | D:5      | Killed Eustachio
  4053 | D:5      | Reached skill level 5 in Fighting
  4356 | D:5      | Reached skill level 7 in Ice Magic
  4356 | D:5      | Reached XP level 8. HP: 58/62 MP: 15/15
  4384 | D:5      | Found Kiriaq's General Store.
  4393 | D:5      | Bought a potion of curing for 30 gold pieces
  4416 | D:5      | Reached skill level 5 in Spellcasting
  4423 | D:5      | Noticed Sigmund
  4440 | D:5      | Killed Sigmund
  4757 | D:5      | Noticed Dowan
  4758 | D:5      | Noticed Duvessa
  4779 | D:5      | Killed Duvessa
  4779 | D:5      | Reached ** piety under Vehumet
  4780 | D:5      | Reached skill level 8 in Ice Magic
  4785 | D:5      | Killed Dowan
  4785 | D:5      | Offered knowledge of Foxfire by Vehumet.
  5293 | D:6      | Reached XP level 9. HP: 46/71 MP: 12/18
  5464 | D:6      | Found a sand-covered staircase.
  5477 | Ossuary  | Entered an ossuary
  5664 | Ossuary  | Noticed Menkaure
  5686 | Ossuary  | Killed Menkaure
  5688 | Ossuary  | HP: 4/108 [mummy (5)]
  6082 | Ossuary  | Offered knowledge of Stone Arrow by Vehumet.
  6367 | D:6      | Reached *** piety under Vehumet
  6547 | D:6      | Reached skill level 9 in Ice Magic
  6942 | D:6      | Noticed Edmund
  7014 | D:6      | Killed Edmund
  8237 | D:8      | Noticed Erica
  8245 | D:8      | Killed Erica
  8246 | D:8      | Reached skill level 10 in Ice Magic
  8246 | D:8      | Reached XP level 10. HP: 83/83 MP: 19/21
  8483 | D:8      | Offered knowledge of Hailstorm by Vehumet.
  8488 | D:8      | Learned a level 3 spell: Hailstorm
  8568 | D:8      | Noticed Pikel
  8584 | D:8      | Killed Pikel
  9136 | D:9      | Noticed a two-headed ogre
  9333 | D:9      | Found a snail-covered altar of Cheibriados.
  9376 | D:9      | Found a flagged portal.
  9387 | Bailey   | Entered a bailey
  9655 | Bailey   | Reached skill level 11 in Ice Magic
  9669 | Bailey   | Reached skill level 10 in Fighting
  9724 | Bailey   | Reached **** piety under Vehumet
  9815 | Bailey   | Offered knowledge of Fireball by Vehumet.
  9975 | Bailey   | Noticed an orc knight
 10070 | Bailey   | Found an iron altar of Okawaru.
 10072 | Bailey   | Noticed an orc high priest
 10072 | Bailey   | Noticed a kobold demonologist
 10080 | Bailey   | Killed a kobold demonologist
 10081 | Bailey   | Noticed a sixfirhy
 10086 | Bailey   | Killed an orc high priest
 10087 | Bailey   | Reached XP level 11. HP: 41/92 MP: 19/24
 10236 | Bailey   | Killed an orc knight
 10442 | D:9      | Killed a two-headed ogre
 10595 | D:9      | Found a bloodstained altar of Trog.
 10595 | D:9      | Found an ancient bone altar of Kikubaaqudgha.
 10614 | D:9      | Found a staircase to the Orcish Mines.
 10651 | D:9      | Noticed Joseph
 10672 | D:9      | Killed Joseph
 11070 | D:9      | Found a sacrificial altar of Ru.
 11134 | D:9      | Noticed a two-headed ogre
 11140 | D:9      | Killed a two-headed ogre
 11165 | D:9      | Reached skill level 12 in Ice Magic
 11175 | D:9      | Acquired 662 gold pieces
 11465 | D:10     | Entered Level 10 of the Dungeon
 11465 | D:10     | Found a staircase to the Lair.
 11802 | D:9      | Reached skill level 10 in Spellcasting
 11890 | D:10     | Identified the ring of the Lotus Blossom {Wiz rElec SInv}
 12028 | D:10     | Noticed a two-headed ogre
 12047 | D:10     | Killed a two-headed ogre
 12366 | D:11     | Noticed a two-headed ogre
 12408 | Lair:1   | Entered Level 1 of the Lair of Beasts
 12513 | Lair:1   | Reached XP level 12. HP: 87/102 MP: 26/26
 13227 | Lair:1   | Reached skill level 13 in Ice Magic
 13594 | Lair:2   | Noticed Gastronok
 14046 | Lair:2   | Slain by a polar bear

Illustrated notes

Levels and vault maps discovered:
D:1:      grunt_arrival_crossed_arrows, layout_rooms
D:2:      mumra_celtic_spiral_tile, layout_basic, moated_statue,
          grunt_ministairs_1, uniq_robin, uniq_natasha
D:3:      layout_loops_ring, tgw_fedhas, elyvilon_altar_1,
          ebering_ecumenical_altar_mist
D:4:      kennysheep_kobold_camp, layout_basic, mainiacjoe_overflow_paths,
          nemelex_dance_club_becter, minmay_temple_entry_slanted,
          gammafunk_ghost_cemetery, nicolae_ea-nasir_strikes_again,
          uniq_crazy_yiuf_cottage
D:5:      layout_basic, serial_shops, shop, kennysheep_crisscross,
          serial_bayou_ford_a, uniq_duvessa, uniq_sigmund, uniq_eustachio
D:6:      layout_loops_ring, nicolae_ossuary_entry_giza, st_stairs_9,
          corexii_leaking_fountain, uniq_edmund
D:7:      layout_cave_pods
D:8:      layout_basic, uniq_erica, uniq_pikel
D:9:      layout_roguey, mainiacjoe_overflow_brackets,
          nicolae_overflow_hidden_temple, orc_0_dummy, enter_bailey_5,
          uniq_joseph
D:10:     layout_rooms, lair_entry_dummy
D:11:     layout_basic, gammafunk_ghost_cemetery, grunt_decor_resistance,
          minivault_13
Temple:   nicolae_temple_ecumenical_triangle
Lair:1:   layout_long_grid, hibernation_bobbens, infiniplex_staircase_pool_2,
          lemuel_fruit_tree
Lair:2:   layout_roguey, nicolae_spider_entry_non_spiders, uniq_gastronok

Skill      XL: |  1  2  3  4  5  6  7  8  9 10 11 12 |
---------------+-------------------------------------+-----
Fighting       | 1 2 3 4 5 6 9 10 11 12 | 12.5
Ice Magic      | 5 6 7 8 10 11 12 13 | 13.2
Spellcasting   | 3 4 6 7 9 10 | 10.9
Dodging        | |  2.6
Stealth        | |  2.1

Action                     |  1- 3 |  4- 6 |  7- 9 | 10-12 || total
---------------------------+-------+-------+-------+-------++-------
  Melee: Short sword       |     9 |       |       |       ||     9
         Spear             |    38 |   124 |       |       ||   162
         Punch             |     1 |     3 |     2 |     4 ||    10
         Mace              |       |       |   280 |   248 ||   528
         Tailslap          |       |       |       |     2 ||     2
   Cast: Freeze            |     5 |     3 |    22 |    37 ||    67
         Frozen Ramparts   |       |    11 |    21 |    42 ||    74
         Ozocubu's Armour  |       |     1 |    14 |    32 ||    47
    Use: Potion            |       |       |     4 |     7 ||    11
         Scroll            |       |       |     5 |     5 ||    10
   Stab: Sleeping          |     4 |     1 |     9 |     2 ||    16
         Distracted        |       |     1 |       |       ||     1
 Armour: Robe              |     8 |    34 |   187 |   181 ||   410
  Dodge: Dodged            |    22 |    54 |   217 |   240 ||   533
